 Dungeon Crawl Stone Soup version 0.24-a0-368-g0e0cebd0f3 (webtiles) character file.

Game seed: 7060664149624293004

18256 Ijustatesigmund the Timeless (level 12, -27/85 HPs)
             Began as an Octopode Fighter on May 29, 2019.
             Was a High Priest of Cheibriados.
             Annihilated by a two-headed ogre
             ... wielding a +0 giant club
              (29 damage)
             ... on level 13 of the Dungeon.
             The game lasted 00:29:48 (15549 turns).

Ijustatesigmund the Timeless (Octopode Fighter)    Turns: 15549, Time: 00:29:49

Health: -27/85     AC: -3    Str: 26    XL:     12   Next: 56%
Magic:  21/21      EV: 15    Int: 21    God:    Cheibriados [*****.]
Gold:   604        SH: 22    Dex: 28    Spells: 11/11 levels left

rFire    + . .     SeeInvis +   a - +1 flail
rCold    . . .     Gourm    .   b - +0 large shield
rNeg     . . .     Faith    .   (helmet restricted)
rPois    +         Spirit   .   w - +3 amulet of reflection
rElec    .         Reflect  +   q - ring of protection from magic
rCorr    .         Harm     .   v - ring of see invisible
MR       +....                  (no ring)
Stlth    +++++.....             (no ring)
HPRegen  0.24/turn              (no ring)
MPRegen  0.17/turn              (no ring)
                                (no ring)
                                (no ring)

@: corroded, very slightly contaminated, invisible, very slow
A: almost no armour, stealthy swim, amphibious, 8 rings, constrict 8, antennae
1, camouflage 1, fire resistance 1, poison resistance, gelatinous body 1
a: Bend Time, Temporal Distortion, Slouch, Step From Time, Renounce Religion


You were on level 13 of the Dungeon.
You worshipped Cheibriados.
Cheibriados was extremely pleased with you.
You were not hungry.

You visited 2 branches of the dungeon, and saw 14 of its levels.
You also visited: Sewer.

You collected 692 gold pieces.
You spent 88 gold pieces at shops.

Inventory:

Hand Weapons
 a - a +1 flail (weapon)
Missiles
 j - 6 javelins (quivered)
Armour
 b - a +0 large shield (worn)
Jewellery
 q - a ring of protection from magic (left tentacle)
 v - a ring of see invisible (right tentacle)
 w - a +3 amulet of reflection (around mantle)
Wands
 m - a wand of flame (7)
 n - a wand of iceblast (10)
 u - a wand of paralysis (1)
Scrolls
 i - 2 scrolls of immolation
 k - 4 scrolls of remove curse
 o - 2 scrolls of amnesia
 p - a scroll of magic mapping
 t - 5 scrolls of identify
 y - 2 scrolls of enchant weapon
Potions
 c - 2 potions of flight
 e - 8 potions of curing
 f - 3 potions of magic
 g - a potion of brilliance
 h - 2 potions of lignification
Comestibles
 d - 17 rations
 l - 4 chunks of flesh


   Skills:
 + Level 9.0 Fighting
 + Level 9.7 Maces & Flails
 - Level 5.5 Dodging
 - Level 4.7 Stealth
 + Level 9.7 Shields
 + Level 12.6 Invocations


You had 11 spell levels left.
You didn't know any spells.
Your spell library contained the following spells:

 Spells                   Type           Power        Failure   Level  Hunger
 Animate Skeleton         Necr           N/A          77%         1    ##.....
 Infusion                 Chrm           #...         77%         1    ##.....
 Pain                     Necr           #...         77%         1    ##.....
 Shroud of Golubria       Chrm/Tloc      #.........   88%         2    ###....
 Song of Slaying          Chrm           #.......     88%         2    ###....
 Regeneration             Chrm/Necr      #.........   98%         3    ####...
 Spectral Weapon          Hex/Chrm       #.......     98%         3    ####...
 Vampiric Draining        Necr           #.........   98%         3    ####...
 Animate Dead             Necr           N/A          100%        4    #####..


Dungeon Overview and Level Annotations

Branches:
Dungeon (13/15)            Temple (1/1) D:6            Lair (0/6) D:9
    Orc (0/2) D:10
 Vaults: D:13-14

Altars:
Ashenzari
Cheibriados
Dithmenos
Elyvilon
Fedhas
Gozag
Hepliaklqana
Kikubaaqudgha
Makhleb
Nemelex Xobeh
Okawaru
Qazlal
Ru
Sif Muna
Trog
Uskayaw
Vehumet
Wu Jian
Xom
Yredelemnul
Zin
The Shining One

Shops:
D:8 (   D:9 *   D:11 :

Annotations:
D:5 1 runed translucent door, aaksess's ghost, novice OgIE


Innate Abilities, Weirdness & Mutations

You cannot wear most types of armour.
You are very stealthy in the water. (Stealth+)
You are amphibious.
You can wear up to eight rings at the same time.
You can use your tentacles to constrict eight enemies at once.
Your skin changes colour to match your surroundings (Stealth+).
Your rubbery body absorbs attacks. (AC +1, EV +1)
You have a pair of small antennae on your head.
Your flesh is heat resistant. (rF+)
Your system is resistant to poisons. (rPois)


Message History

* * * LOW HITPOINT WARNING * * *
The jelly is severely wounded.
You block the jelly's attack.
You sock the two-headed ogre!
The two-headed ogre is heavily wounded.
You block the jelly's attack. You block the two-headed ogre's attack.
The two-headed ogre misses you.
Okay, then.
You thump the jelly!
You kill the jelly!
Cheibriados appreciates the change of pace.
You hit the two-headed ogre.
The two-headed ogre is severely wounded.
The two-headed ogre completely misses you.
The two-headed ogre hits you with a +0 giant spiked club!
* * * LOW HITPOINT WARNING * * *
You barely miss the two-headed ogre.
The two-headed ogre is severely wounded.
The two-headed ogre hits you with a +0 giant club!!
You die...

#..# #.##.#
..# #..# #.#
... #.# #..#
#.# ####.#
#..# #.# #.#
#.#######.###
#...........#
##########..#
#O.# #@.#
#..# #..#
#... #./##
#.## #.# #.#


You could see a two-headed ogre.

Vanquished Creatures
  Josephine (D:10)
  Erica (D:10)
  A death knight (D:12)
  4 two-headed ogres
  Sonja (D:10)
  An unseen horror (D:10)
  A deep elf mage (D:13)
  An elephant (D:9)
  Maurice (D:8)
  3 trolls
  4 hornets
  2 hippogriffs
  Sigmund (D:4)
  A shadow (D:12)
  8 wraiths
  A basilisk (D:9)
  11 yaks
  Eustachio (D:4)
  A hungry ghost (D:10)
  4 vampire mosquitoes (D:13)
  A soldier ant (D:9)
  Duvessa (D:5)
  A water moccasin (D:7)
  3 sky beasts
  3 orc warriors
  An ice beast (D:10)
  A phantom (D:7)
  4 black bears
  An eye of draining (D:13)
  6 ogres
  5 centaurs
  3 bullfrogs
  A gnoll sergeant (D:10)
  A wyvern skeleton (D:10)
  3 scorpions
  Dowan (D:5)
  9 killer bees
  6 jellies
  A howler monkey (D:6)
  2 bullfrog zombies
  5 crimson imps
  A bullfrog skeleton (D:6)
  A hound (D:11)
  A centaur zombie (D:9)
  9 orc wizards
  3 orc priests
  4 centaur skeletons
  3 iguanas
  9 worker ants
  A killer bee zombie (D:6)
  3 hound zombies
  2 worker ant zombies
  12 gnolls
  18 adders
  A river rat (Sewer)
  5 shadow imps
  An adder zombie (D:6)
  2 adder skeletons
  3 worms
  A dart slug (D:1)
  3 leopard geckos
  47 orcs
  2 ball pythons (D:1)
  6 giant cockroaches
  10 goblins
  4 hobgoblins
  10 jackals
  6 quokkas
  7 bats
  19 frilled lizards
  3 goblin skeletons (D:5)
  2 goblin zombies (D:5)
  2 hobgoblin zombies (D:5)
  A jackal zombie (D:6)
  7 kobolds
  2 kobold zombies (D:5)
  19 rats
338 creatures vanquished.

Vanquished Creatures (collateral kills)
  A bullfrog (D:12)
1 creature vanquished.

Grand Total: 339 creatures vanquished

Notes
Turn   | Place    | Note
-------+----------+-------------------------------------------
     0 | D:1      | Ijustatesigmund the Octopode Fighter began the quest for
                  | the Orb.
     0 | D:1      | Reached XP level 1. HP: 16/16 MP: 1/1
    76 | D:1      | Reached XP level 2. HP: 20/21 MP: 2/2
   177 | D:1      | Reached XP level 3. HP: 17/26 MP: 3/3
   966 | D:2      | Reached XP level 4. HP: 25/32 MP: 4/4
  1643 | D:3      | Reached XP level 5. HP: 33/37 MP: 5/5
  1784 | D:3      | Found a glowing drain.
  1818 | Sewer    | Entered a sewer
  2223 | D:3      | Reached skill level 5 in Maces & Flails
  2269 | D:3      | Reached XP level 6. HP: 31/44 MP: 6/6
  2305 | D:3      | Found a hazy altar of Hepliaklqana.
  2993 | D:4      | Noticed Sigmund
  3002 | D:4      | Killed Sigmund
  3002 | D:4      | Reached skill level 5 in Fighting
  3002 | D:4      | Reached XP level 7. HP: 18/50 MP: 7/7
  3397 | D:4      | You fall into a shaft and drop 2 floors!
  3425 | D:6      | Got an iridescent long sword
  3426 | D:6      | Identified the cursed +0 long sword "Boonomn" {drain,
                  | Fragile +Blink rElec Dex+2} (You found it on level 6 of the
                  | Dungeon)
  3886 | D:5      | Entered Level 5 of the Dungeon
  4072 | D:4      | Gained mutation: Your flesh is heat resistant. (rF+)
                  | [potion of mutation]
  4072 | D:4      | Gained mutation: You have a pair of small antennae on your
                  | head. [potion of mutation]
  4072 | D:4      | Gained mutation: Your system is resistant to poisons.
                  | (rPois) [potion of mutation]
  4081 | D:4      | Noticed Eustachio
  4089 | D:4      | Killed Eustachio
  4089 | D:4      | Reached XP level 8. HP: 41/56 MP: 8/8
  4758 | D:5      | Noticed a hornet
  4764 | D:5      | Killed a hornet
  5533 | D:5      | Found a glowing golden altar of the Shining One.
  5562 | D:5      | Noticed Dowan
  5564 | D:5      | Noticed Duvessa
  5568 | D:5      | Killed Dowan
  5577 | D:5      | Killed Duvessa
  5905 | D:5      | Found a runed translucent door.
  5906 | D:5      | Noticed aaksess's ghost (novice OgIE)
  6208 | D:6      | Reached skill level 5 in Dodging
  6208 | D:6      | Reached skill level 5 in Shields
  6418 | D:6      | Reached XP level 9. HP: 63/63 MP: 9/9
  6426 | D:6      | Found an opulent altar of Gozag.
  6691 | D:6      | Found a staircase to the Ecumenical Temple.
  6696 | Temple   | Entered the Ecumenical Temple
  6912 | Temple   | Became a worshipper of Cheibriados the Contemplative
  7212 | D:7      | Reached skill level 1 in Stealth
  7212 | D:7      | Reached skill level 1 in Invocations
  7325 | D:7      | Found an iron altar of Okawaru.
  7350 | D:7      | Found a glowing silver altar of Zin.
  7487 | D:7      | Reached skill level 2 in Invocations
  8018 | D:7      | Reached skill level 3 in Invocations
  8352 | D:8      | Found Fyschela's Weapon Shop.
  8357 | D:8      | Reached * piety under Cheibriados
  8410 | D:8      | Reached skill level 4 in Invocations
  8570 | D:8      | Noticed Maurice
  8628 | D:8      | Killed Maurice
  8628 | D:8      | Reached skill level 6 in Invocations
  8927 | D:8      | Reached ** piety under Cheibriados
  9481 | D:8      | Noticed a two-headed ogre
  9490 | D:8      | Killed a two-headed ogre
  9490 | D:8      | Reached XP level 10. HP: 71/71 MP: 10/15
  9521 | D:9      | Found Ikaurah's General Store.
  9529 | D:9      | Bought a scroll of fear for 56 gold pieces
  9529 | D:9      | Bought a scroll of identify for 32 gold pieces
  9584 | D:9      | Found a staircase to the Lair.
  9584 | D:9      | Noticed an elephant
  9603 | D:10     | Entered Level 10 of the Dungeon
  9845 | D:10     | Reached skill level 7 in Invocations
  9868 | D:10     | Noticed Erica
  9876 | D:10     | HP: 3/71 [Erica/+2 scimitar of flaming (5)]
  9878 | D:10     | Killed Erica
 10227 | D:9      | Found a bloodstained altar of Trog.
 10545 | D:9      | Killed an elephant
 10728 | D:9      | Reached skill level 8 in Invocations
 10738 | D:9      | Reached XP level 11. HP: 27/78 MP: 17/17
 11261 | D:9      | Reached *** piety under Cheibriados
 11587 | D:10     | Found a staircase to the Orcish Mines.
 11628 | D:11     | Found a sparkling altar of Nemelex Xobeh.
 11810 | D:11     | Found Laem's Book Shoppe.
 11978 | D:11     | Noticed a two-headed ogre
 12320 | D:10     | Reached **** piety under Cheibriados
 12492 | D:10     | Noticed an unseen horror
 12499 | D:10     | Killed an unseen horror
 12510 | D:10     | Noticed Josephine
 12518 | D:10     | Reached skill level 9 in Invocations
 12521 | D:10     | Killed Josephine
 12530 | D:10     | Reached skill level 10 in Invocations
 13028 | D:10     | Noticed Sonja
 13043 | D:10     | Killed Sonja
 13596 | D:11     | Killed a two-headed ogre
 13596 | D:11     | Reached skill level 11 in Invocations
 14227 | D:11     | Reached XP level 12. HP: 83/84 MP: 20/20
 14320 | D:12     | Noticed a two-headed ogre
 14327 | D:12     | Killed a two-headed ogre
 14344 | D:12     | Reached skill level 12 in Invocations
 14711 | D:12     | Noticed a death knight
 14758 | D:12     | Killed a death knight
 14872 | D:12     | Noticed a two-headed ogre
 14884 | D:12     | Killed a two-headed ogre
 14884 | D:12     | Reached ***** piety under Cheibriados
 15537 | D:13     | Noticed a two-headed ogre
 15548 | D:13     | HP: 1/85 [two-headed ogre/+0 giant club (13)]
 15549 | D:13     | Annihilated by a two-headed ogre

Levels and vault maps discovered:
D:1:      wheals_arrival_shading, layout_rooms
D:2:      layout_rooms, chequers_garden, item_on_display_a
D:3:      layout_rooms, nicolae_overflow_crystal_walls, gup_sewer_entry_glass
D:4:      layout_layer_cave, grunt_tough_drop, uniq_eustachio, uniq_sigmund
D:5:      cheibrodos_helix_gallery, layout_loops_corners, first_ration,
          hellmonk_ghost_happy_afterlife, nicolae_tso_besieged_by_evil,
          uniq_duvessa
D:6:      layout_basic, nicolae_overflow_hidden_temple,
          minmay_temple_entry_nine_rooms
D:7:      layout_cave_pools, overflow_temple_1_default, basic_altar
D:8:      layout_basic, serial_shops, shop, uniq_maurice
D:9:      layout_irregular_city, trog_ov_bears_minmay, david_lair_generic,
          serial_shops, nicolae_shop_crystal, hangedman_pestilent_swarm
D:10:     layout_loops_ring, orc_0_dummy, grunt_ministairs_15, uniq_josephine,
          uniq_erica, uniq_sonja
D:11:     layout_roguey, basic_altar, serial_shops, nicolae_shop_crystal,
          kennysheep_cluttered_room
D:12:     layout_gridville
D:13:     layout_loops_ring, serial_glass, glass_columns_b, glass_columns_b,
          uniq_jorgrun
Temple:   dpeg_five_rooms_temple

Skill      XL: |  1  2  3  4  5  6  7  8  9 10 11 12 |
---------------+-------------------------------------+-----
Maces & Flails | 3 4 5 6 7 8 9 |  9.7
Fighting       | 4 5 6 7 8 9 |  9.0
Dodging        | 5 |  5.5
Shields        | 5 7 8 9 |  9.7
Stealth        | 4 |  4.7
Invocations    | 6 8 11 12 | 12.6

Action                   |  1- 3 |  4- 6 |  7- 9 | 10-12 || total
-------------------------+-------+-------+-------+-------++-------
Melee: Flail             |    56 |   156 |   246 |   342 ||   800
       Constrict         |    16 |    35 |    63 |    52 ||   166
       Tentacles         |    10 |    28 |    62 |   148 ||   248
Throw: Javelin           |       |       |     2 |    15 ||    17
Invok: Bend Time         |       |       |     1 |       ||     1
       Slouch            |       |       |       |     2 ||     2
Evoke: Wand              |       |       |    24 |    26 ||    50
  Use: Scroll            |     5 |     5 |    13 |    12 ||    35
       Potion            |       |     3 |     5 |     5 ||    13
 Stab: Sleeping          |     3 |     7 |    11 |    11 ||    32
       Distracted        |       |     1 |     1 |     2 ||     4
       Paralysed         |       |       |     3 |     7 ||    10
       Invisible         |       |       |       |     2 ||     2
  Eat: Chunk             |       |     6 |    12 |     4 ||    22
       Ration            |       |       |     2 |     2 ||     4
Armor: Skin              |     4 |    13 |     4 |     3 ||    24
Dodge: Dodged            |    26 |    68 |   111 |   101 ||   306
Block: Shield            |    27 |    65 |   130 |       ||   222
       Large shield      |       |       |       |   355 ||   355
       Reflection        |       |       |       |     2 ||     2

Table legend:
 A = Non-vault XP
 B = Vault XP
 C = Vault XP percentage of total XP
 D = Non-vault monster count
 E = Vault monster count
 F = Vault count percentage of total count
                 A         B        C        D         E       F
            +---------+---------+-------+---------+---------+-------
      Total |   19020 |    7061 |  27.1 |     279 |      60 |  17.7
            +---------+---------+-------+---------+---------+-------
        D:1 |      59 |       0 |   0.0 |      28 |       0 |   0.0
        D:2 |      91 |       0 |   0.0 |      23 |       0 |   0.0
        D:3 |      97 |      44 |  31.2 |      29 |       5 |  14.7
        D:4 |     230 |     433 |  65.3 |      17 |       4 |  19.0
        D:5 |     704 |     251 |  26.3 |      13 |      14 |  51.9
        D:6 |     536 |       0 |   0.0 |      21 |       0 |   0.0
        D:7 |     848 |       0 |   0.0 |      17 |       0 |   0.0
        D:8 |    1645 |     449 |  21.4 |      25 |       1 |   3.8
        D:9 |     521 |    1971 |  79.1 |      13 |       9 |  40.9
       D:10 |    2823 |    3871 |  57.8 |      31 |      10 |  24.4
       D:11 |    3850 |       0 |   0.0 |      30 |       0 |   0.0
       D:12 |    5694 |       0 |   0.0 |      22 |       0 |   0.0
       D:13 |    1922 |       0 |   0.0 |      10 |       0 |   0.0
      Sewer |       0 |      42 | 100.0 |       0 |      17 | 100.0
            +---------+---------+-------+---------+---------+-------
